 Dungeon Crawl Stone Soup version 0.25-a0-388-g41a7e554cb (webtiles) character file.

Game seed: 13828042248620859953, levelgen mode: deterministic

130 Borgoz the Cudgeler (level 5, -2/32 HPs)
             Began as a Gargoyle Gladiator on Jan 7, 2020.
             Killed from afar by an orc wizard (12 damage)
             ... with a puff of frost
             ... on level 3 of the Dungeon.
             The game lasted 00:01:49 (1723 turns).

Borgoz the Cudgeler (Gargoyle Gladiator)            Turns: 1723, Time: 00:01:49

Health: -2/32      AC: 15    Str: 19    XL:     5   Next: 14%
Magic:  5/5        EV: 11    Int:  8    God:
Gold:   130        SH:  0    Dex: 11    Spells: 4/4 levels left

rFire    . . .     SeeInvis .   a - +0 flail
rCold    . . .     Gourm    .   (no shield)
rNeg     + . .     Faith    .   i - +0 scale mail
rPois    ∞         Spirit   .   c - +0 helmet
rElec    +         Reflect  .   b - +0 cloak
rCorr    .         Harm     .   e - +2 pair of gloves
MR       .....                  (no boots)
Stlth    ..........             (no amulet)
HPRegen  0.10/turn              (no ring)
MPRegen  0.09/turn              (no ring)

@: no status effects
A: negative energy resistance 1, electricity resistance, unbreathing,
petrification resistance, rot immunity, AC +4
a: no special abilities


You were on level 3 of the Dungeon.
You were not hungry.

You visited 1 branch of the dungeon, and saw 3 of its levels.

You collected 130 gold pieces.

Inventory:

Hand Weapons
 a - a +0 flail (weapon)
Missiles
 d - 3 throwing nets (quivered)
Armour
 b - a +0 cloak (worn)
 c - a +0 helmet (worn)
 e - a +2 pair of gloves (worn)
 i - a +0 scale mail (worn)
Wands
 o - a wand of scattershot (6)
Scrolls
 g - a scroll of amnesia {unknown}
 h - a scroll of enchant armour {unknown}
 j - a scroll of remove curse {unknown}
 k - a scroll of immolation {unknown}
 l - a scroll of identify {unknown}
Potions
 m - a potion of ambrosia {unknown}
 n - a potion of agility {unknown}
 q - a potion of brilliance {unknown}
Comestibles
 f - 4 rations
 p - 5 chunks of flesh


   Skills:
 + Level 3.2 Fighting
 * Level 4.2 Maces & Flails
 - Level 1.7 Throwing
 + Level 2.0 Armour
 + Level 3.0 Dodging


You had 4 spell levels left.
You didn't know any spells.
Your spell library was empty.

Dungeon Overview and Level Annotations

Branches:
Dungeon (3/15)

Altars:
Zin

Shops:
D:2 *


Innate Abilities, Weirdness & Mutations

You are resistant to torment.
Your stone body is resilient. (AC +4)
You are immune to poison.
You resist negative energy. (rN+)
You are resistant to electric shocks. (rElec)
You can survive without breathing.
You are immune to petrification.
You are immune to rotting.


Message History

You are too injured to fight recklessly!
You are too injured to fight recklessly!
The orc misses you. Something hits you.
You closely miss the orc. Something hits you but does no damage.
The orc hits you but does no damage. Something hits you but does no damage.
You barely miss the orc. Something hits you but does no damage.
The orc hits you but does no damage. Something hits you but does no damage.
You completely miss the orc. The orc barely misses you.
Something hits you but does no damage. The orc hits you with a +0 trident.
Something hits you but does no damage.
You hit the orc.
The orc is almost dead.
Something hits you but does no damage. The orc hits you but does no damage.
You closely miss the orc.
The orc is almost dead.
Something hits you but does no damage.
You hear some strange, mumbled words.
A puff of frost appears from out of thin air!
The puff of frost hits you!
You die...

.>.....(..........))......
########.........######.#.
########.......# .#
#..............# .
#.....[..(.....#
#..............#
#..........|...######.
#..............)......
#........#####@{......
#........# #.o......
########## #........
#........ #........
#........ ####..... .....


You could see an orc.

Vanquished Creatures
  A crimson imp (D:2)
  A hound skeleton (D:2)
  An adder (D:3)
  An ooze (D:2)
  2 orcs (D:3)
  A ball python (D:1)
  3 giant cockroaches
  8 goblins
  8 hobgoblins
  6 jackals
  11 kobolds
  10 bats
  4 frilled lizards
  6 rats
63 creatures vanquished.

Notes
Turn   | Place    | Note
-------+----------+-------------------------------------------
     0 | D:1      | Borgoz the Gargoyle Gladiator began the quest for the Orb.
     0 | D:1      | Reached XP level 1. HP: 12/12 MP: 1/1
    22 | D:1      | Reached XP level 2. HP: 15/18 MP: 2/2
   275 | D:1      | Reached skill level 1 in Armour
   285 | D:1      | Reached XP level 3. HP: 22/22 MP: 3/3
  1016 | D:2      | Reached skill level 4 in Maces & Flails
  1016 | D:2      | Reached XP level 4. HP: 28/28 MP: 4/4
  1087 | D:2      | Found Zin's Purification Station.
  1090 | D:2      | Found a glowing silver altar of Zin.
  1648 | D:3      | Reached XP level 5. HP: 32/32 MP: 5/5
  1723 | D:3      | Killed from afar by an orc wizard

Levels and vault maps discovered:
D:1:      giann_horns, layout_basic
D:2:      layout_loops_ring, zin_purify
D:3:      layout_basic, first_ration

Skill      XL: |  1  2  3  4  5 |
---------------+----------------+-----
Armour         | 1 2 |  2.0
Fighting       | 3 |  3.2
Maces & Flails | 4 |  4.2
Dodging        | 3 |  3.0
Throwing       | |  1.7

Action                   |  1- 3 |  4- 6 || total
-------------------------+-------+-------++-------
Melee: Flail             |   100 |    82 ||   182
  Eat: Chunk             |       |     3 ||     3
Armor: Leather armour    |    35 |       ||    35
       Scale mail        |    25 |    78 ||   103
Dodge: Dodged            |    88 |    80 ||   168

Table legend:
 A = Non-vault XP
 B = Vault XP
 C = Vault XP percentage of total XP
 D = Non-vault monster count
 E = Vault monster count
 F = Vault count percentage of total count
                 A         B        C        D         E       F
            +---------+---------+-------+---------+---------+-------
      Total |     187 |       0 |   0.0 |      63 |       0 |   0.0
            +---------+---------+-------+---------+---------+-------
        D:1 |      49 |       0 |   0.0 |      29 |       0 |   0.0
        D:2 |     104 |       0 |   0.0 |      22 |       0 |   0.0
        D:3 |      34 |       0 |   0.0 |      12 |       0 |   0.0
            +---------+---------+-------+---------+---------+-------
